 Dungeon Crawl Stone Soup version 0.26-a0-466-g989023bd0d (webtiles) character file.

Game seed: 5708150225912739569

91 DsMo the Chopper (level 4, -1/63 HPs)
             Began as a Naga Berserker on Dec 2, 2019.
             Was a Believer of Trog.
             Slain by a lemure (4 damage)
             ... led by Pikel
             ... on level 4 of the Dungeon on July 31, 2020.
             The game lasted 00:07:38 (3430 turns).

DsMo the Chopper (Naga Berserker)                   Turns: 3430, Time: 00:07:39

Health: -1/63      AC:  4    Str: 20    XL:     4   Next: 59%
Magic:  4/4        EV:  8    Int:  7    God:    Trog [**....]
Gold:   153        SH:  0    Dex: 11    Spells: 3/3 levels left

rFire    . . .     SeeInvis +   a - +0 hand axe
rCold    . . .     Faith    .   (no shield)
rNeg     . . .     Spirit   .   k - +0 scale mail
rPois    +         Reflect  .   (no helmet)
rElec    .         Harm     .   C - scarf {repulsion}
rCorr    .                      (no gloves)
MR       .....                  (no barding)
Stlth    ..........             (no amulet)
HPRegen  0.20/turn              l - ring of attention (curse)
MPRegen  0.09/turn              x - ring of stealth

@: berserking (expiring), repel missiles, quick
A: large, see invisible, deformed body, poison resistance, slowness 2, spit
poison 1, AC +1
a: Spit Poison, Berserk, Trog's Hand, Renounce Religion


You were on level 4 of the Dungeon.
You worshipped Trog.
Trog was pleased with you.
You visited 1 branch of the dungeon, and saw 4 of its levels.

You collected 153 gold pieces.

Inventory:

Hand Weapons
 a - a +0 hand axe (weapon)
Missiles
 T - 5 javelins {@Q2}
 Z - a throwing net (quivered) {!d , @Q1}
Armour
 k - a +0 scale mail (worn)
 C - a scarf of repulsion (worn)
 V - a +0 helmet
Jewellery
 l - a cursed ring of attention (left hand)
 x - a ring of stealth (right hand)
Scrolls
 f - 4 scrolls of identify {unknown}
 h - 3 scrolls of remove curse {unknown}
 i - a scroll of random uselessness {unknown}
 y - 3 scrolls of teleportation {unknown}
 S - a scroll of amnesia {unknown}
 X - 2 scrolls of blinking {unknown}
 Y - a scroll of immolation {unknown}
Potions
 w - a potion of curing {unknown}
 z - a potion of brilliance {unknown}
 A - a potion of flight {unknown}
 U - a potion of ambrosia {unknown}
 W - a potion of stabbing {@q5}
Comestibles
 e - 5 removed foods


   Skills:
 + Level 3.4 Fighting
 * Level 4.0 Axes
 + Level 2.2 Armour
 + Level 2.1 Dodging


You had 3 spell levels left.
You didn't know any spells.
Your spell library was empty.

Dungeon Overview and Level Annotations

Branches:
Dungeon (4/15)
 Temple: D:4-7

Altars:
Fedhas
Trog
Yredelemnul

Annotations:
D:4 Pikel


Innate Abilities, Weirdness & Mutations

You cannot wear boots.
Your serpentine skin is tough. (AC +1)
You have supernaturally acute eyesight. (SInv)
Armour fits poorly on your strangely shaped body.
Your system is resistant to poisons. (rPois)
You cover ground very slowly.
You can spit poison.


Message History

Pikel the Slaver comes into view.
He is wielding a +0 whip of freezing and carrying a wand of flame (13).
Unknown command.
Unknown command.
Char dumped successfully.
Pikel shouts!
Pikel zaps a wand.
The puff of flame hits you!
Pikel zaps a wand.
The puff of flame hits you!
Things that are here:
a +0 short sword; 4 silver boomerangs; an orc corpse You take 19 damage, and have 21/42 hp.
MASSIVE DAMAGE!!
A lemure comes into view.
Things that are here:
a +0 short sword; 4 silver boomerangs; an orc corpse The lemure shouts!
You hear a shout! x2
Pikel zaps a wand.
The puff of flame hits you.
* * * LOW HITPOINT WARNING * * *
You take 6 damage, and have 15/42 hp.
There is a stone staircase leading up here.
You climb upwards.
There is a stone staircase leading down here.
You start resting.
HP restored.
Health restored: 42 You climb downwards.
Level annotation: Pikel The lemure hits you.
A lemure comes into view.
The lemure hits you but does no damage.
There is a stone staircase leading up here.
You take 1 damage, and have 41/42 hp.
A red film seems to cover your vision as you go berserk!
You feel yourself moving faster!
You feel mighty!
The lemure shouts!
You now have 62/63 hp.
Unknown command.
You hit Pikel.
Pikel is lightly wounded.
You closely miss Pikel.
Pikel is lightly wounded.
You hit Pikel.
Pikel is moderately wounded.
You closely miss the lemure.
Pikel zaps a wand.
The puff of flame hits you.
A lemure comes into view.
The lemure barely misses you.
You take 3 damage, and have 59/63 hp.
You hit Pikel.
Pikel is moderately wounded.
You closely miss the lemure.
Pikel hits you with a +0 whip of freezing.
Pikel freezes you.
You take 6 damage, and have 53/63 hp.
You barely miss Pikel.
Pikel is moderately wounded.
You slash the lemure! The lemure hits you.
You barely miss the lemure.
The lemure is moderately wounded.
You barely miss Pikel.
Pikel zaps a wand.
The puff of flame is repelled.
You slash the lemure!
The lemure is heavily wounded.
You barely miss Pikel. You hit the lemure.
Pikel hits you with a +0 whip of freezing.
Pikel freezes you. The lemure hits you. x2
You take 12 damage, and have 41/63 hp.
You closely miss the lemure.
The lemure is heavily wounded.
You barely miss Pikel. You slash the lemure!
Pikel zaps a wand.
The puff of flame hits you! The lemure hits you but does no damage.
You take 10 damage, and have 31/63 hp.
You are too injured to fight recklessly!
You are too injured to fight recklessly!
You are too injured to fight recklessly!
Unknown command.
You closely miss Pikel.
Pikel is moderately wounded.
You closely miss the lemure. You hit the lemure. The lemure hits you.
* * * LOW HITPOINT WARNING * * *
You take 3 damage, and have 28/63 hp.
You hit Pikel.
Pikel is heavily wounded.
You hit the lemure. You completely miss the lemure.
Pikel hits you with a +0 whip of freezing!
* * * LOW HITPOINT WARNING * * *
Pikel freezes you.
* * * LOW HITPOINT WARNING * * *
The lemure hits you!
* * * LOW HITPOINT WARNING * * *
The lemure closely misses you.
You take 16 damage, and have 12/63 hp.
MASSIVE DAMAGE!!
You hit Pikel.
Pikel is heavily wounded.
You closely miss the lemure. x2; Pikel closely misses you.
The lemure hits you!
* * * LOW HITPOINT WARNING * * *
The lemure hits you.
* * * LOW HITPOINT WARNING * * *
You take 9 damage, and have 3/63 hp.
You closely miss Pikel.
Pikel is heavily wounded.
You slash the lemure! You barely miss the lemure. You hit the lemure.
Pikel zaps a wand.
The puff of flame is repelled.
The lemure hits you.
You die...

...█ ..█
███.█████
█.....[.█
█.......█
█.......█
█..(....█
████..5K5..█
......5@...█
████......$....
█....!..█...
████.██.....
█.█ .█... █.█


████ █.█ $.. You could see Pikel and 3 lemures.

Vanquished Creatures
  3 adders
  A worm (D:3)
  A dart slug (D:1)
  A leopard gecko (D:2)
  2 orcs
  8 bats
  A giant cockroach (D:1)
  7 goblins
  7 hobgoblins
  4 jackals (D:2)
  A ball python (D:3)
  6 frilled lizards
  7 kobolds
  8 rats
57 creatures vanquished.

Notes
Turn   | Place    | Note
-------+----------+-------------------------------------------
     0 | D:1      | DsMo the Naga Berserker began the quest for the Orb.
     0 | D:1      | Reached XP level 1. HP: 21/21 MP: 1/1
   212 | D:1      | Upgraded the game from 0.25-a0-200-g5ba96148f3 to
                  | 0.25-a0-201-g0bb11aece9
   296 | D:1      | Reached XP level 2. HP: 19/28 MP: 2/2
  1289 | D:1      | Reached ** piety under Trog
  1289 | D:1      | Reached XP level 3. HP: 28/34 MP: 3/3
  2153 | D:2      | Reached XP level 4. HP: 39/42 MP: 4/4
  2449 | D:3      | Found a blossoming altar of Fedhas.
  2644 | D:3      | Found a bloodstained altar of Trog.
  2933 | D:3      | Reached skill level 4 in Axes
  3092 | D:3      | Found a basalt altar of Yredelemnul.
  3149 | D:3      | Upgraded the game from 0.25-a0-201-g0bb11aece9 to
                  | 0.26-a0-466-g989023bd0d
  3149 | D:3      | meem: I'm meem, an infobot run by MalcolmRoseGaming: Type
                  | !submeem to keep me in your games; !nomeem to shut me up
                  | forever; !meem for help; !whymeem if you want to know why
                  | meem exists. Visit http://youtube.com/malcolmrosegaming for
                  | more DCSS content.
  3224 | D:4      | Noticed Pikel
  3226 | D:4      | Noticed a lemure
  3417 | D:4      | Noticed a lemure
  3421 | D:4      | Noticed a lemure
  3429 | D:4      | HP: 3/63 [lemure[Pikel] (3)]
  3430 | D:4      | Slain by a lemure

Illustrated notes

Levels and vault maps discovered:
D:1:      wheals_arrival_shading, layout_loops_corners
D:2:      layout_basic, first_ration, minmay_tall_x
D:3:      layout_loops_ring, marbit_many_paths, nicolae_overflow_hidden_temple,
          corexii_leaking_fountain, fedhas_altar_4
D:4:      layout_rooms, uniq_pikel

Skill      XL: |  1  2  3  4 |
---------------+-------------+-----
Armour         | 2 |  2.2
Dodging        | 2 |  2.1
Axes           | 4 |  4.0
Fighting       | |  3.4

Action                   |  1- 3 |  4- 6 || total
-------------------------+-------+-------++-------
Melee: Hand axe          |    95 |    70 ||   165
Invok: Berserk           |     1 |     1 ||     2
 Stab: Sleeping          |     1 |       ||     1
  Eat: Removed food      |     3 |     3 ||     6
Armor: Animal skin       |    11 |       ||    11
       Scale mail        |    23 |    34 ||    57
Dodge: Dodged            |    62 |    23 ||    85
       Repelled          |       |     2 ||     2

Table legend: (Time is in decaauts)
 A = Elapsed time spent in this place.
 B = Non-inter-level travel time spent in this place.
 C = Inter-level travel time spent in this place.
 D = Time resting spent in this place.
 E = Time spent auto-exploring this place.
 F = Levels seen in this place.
 G = Mean time per level.
                   A        B        C        D        E       F      G
               +--------+--------+--------+--------+--------+-----+--------+
         Total |   4189 |   3973 |    216 |    245 |   3258 |   4 | 1047.2 |
       Dungeon |   4189 |   3973 |    216 |    245 |   3258 |   4 | 1047.2 |
               +--------+--------+--------+--------+--------+-----+--------+

Top non-repeatable levels by time:
     D:3: 286 daAuts
     D:4: 23 daAuts
Note: time per level data comes from an upgraded game and may be incomplete.

Levels and vault maps discovered:
D:1:      wheals_arrival_shading, layout_loops_corners
D:2:      layout_basic, first_ration, minmay_tall_x
D:3:      layout_loops_ring, marbit_many_paths, nicolae_overflow_hidden_temple,
          corexii_leaking_fountain, fedhas_altar_4
D:4:      layout_rooms, uniq_pikel
